AoeStats
← 海峡

Arabia

508597678Analyzed
1v1 RM · 10d ago on Sep 23, 2026· 26m 25s· 2 players
Game mode
Random Map
Map size
Tiny (2 player)
Population
200
Speed
Normal
Resources
Standard
Victory
Conquest
Starting age
Dark Age
Ending age
Imperial Age
RankedLock teamsTeams togetherTeam positionsShared explorationLock speedFull tech treeHidden civsTurbo modeCheats
Victory
Defeat
🇹🇼 Poles · Taiwan
1638
+16
🇨🇳 Danes · China
1638
-16
asd911s
7:09 Loom
9:21 Feudal Age
10:24 Double-Bit Axe
10:56 Horse Collar
21:43 Castle Age
19:57 Gold Mining
20:32 Bloodlines
20:41 Fletching
23:08 Wheelbarrow
22:46 Bow Saw
22:37 Heavy Plow
23:07 Bodkin Arrow
23:43 Husbandry
海峡
6:48 Loom
9:07 Feudal Age
9:16 Man-at-Arms
9:44 Double-Bit Axe
22:08 Castle Age
20:18 Horse Collar
21:11 Scale Mail Armor
21:18 Gold Mining
21:28 Arson
23:22 Chain Mail Armor
24:27 Squires
Connection lost

Rejoining the realm…

Still unreachable

The connection could not be restored.

Session expired

The server has moved on; the page needs a fresh start.